 Dungeon Crawl Stone Soup version 0.31-a0-819-gf6de2f5ab6 (webtiles) character file.

Game seed: 15690375684212921091

2818 qw the Skirmisher (level 9, -7/57 HPs)
             Began as a Gargoyle Hunter on Sept 23, 2023.
             Was a Follower of Okawaru.
             Killed from afar by a hell hound (9 damage)
             ... with a blast of flame
             ... on level 8 of the Dungeon.
             The game lasted 00:02:39 (5981 turns).

qw the Skirmisher (Gargoyle Hunter)                 Turns: 5981, Time: 00:02:39

Health: -7/57      AC: 17    Str: 12    XL:     9   Next: 72%
Magic:  10/12      EV: 14    Int: 17    God:    Okawaru [*.....]
Gold:   286        SH:  0    Dex: 17    Spells: 8/8 levels left

rFire   . . .        d - +2 arbalest of Honour {penet, Fragile rN+ Str-2 Int+6}
rCold   . . .        (shield currently unavailable)
rNeg    + + .        l - +0 ring mail
rPois   inf          m - +0 helmet
rElec   +            (no cloak)
rCorr   .            f - +0 pair of gloves
SInv    .            b - +0 pair of boots
Will    .....        (no amulet)
Stlth   +++          (no ring)
HPRegen 0.29/turn    (no ring)
MPRegen 0.13/turn

%: no passive effects
@: heroic
A: sickness immunity, AC +6, negative energy resistance 1, electricity
resistance, torment resistance 1, petrification resistance
a: Renounce Religion, Heroism


You were on level 8 of the Dungeon.
You worshipped Okawaru.
Okawaru was aware of your devotion.
You visited 2 branches of the dungeon, and saw 9 of its levels.

You collected 340 gold pieces.
You spent 54 gold pieces at shops.


Innate Abilities, Weirdness & Mutations

You are immune to sickness and miasma.
Your stone body is resilient. (AC +6)
You are immune to poison.
You resist negative energy. (rN+)
You are resistant to electric shocks. (rElec)
You are resistant to unholy torment.
You are immune to petrification.


   Skills:
 - Level 7.0(12.0) Fighting
 - Level 11.0(16.0) Ranged Weapons
 - Level 3.1(8.1) Armour
 + Level 2.3(7.3) Dodging
 - Level 1.1(6.1) Stealth
 - Level 4.0 Invocations


You had 8 spell levels left.
You didn't know any spells.
Your spell library was empty.

Inventory:

Hand Weapons
 d - the +2 arbalest of Honour (weapon) {penet, Fragile rN+ Str-2 Int+6}
   (You acquired it on level 6 of the Dungeon)

   Str-2:     It affects your strength (-2).
   Int+6:     It affects your intelligence (+6).
   rN+:       It protects you from negative energy.
   Fragile:   It will be destroyed if unequipped.
Armour
 b - a +0 pair of boots (worn)
 f - a +0 pair of gloves (worn)
 l - a +0 ring mail (worn)
 m - a +0 helmet (worn)
Scrolls
 i - 2 scrolls of teleportation
Potions
 a - a potion of brilliance {unknown}
 c - 2 potions of enlightenment
 e - 2 potions of curing
 g - a potion of degeneration {unknown}

Dungeon Overview and Level Annotations

Branches:
Dungeon (8/15)             Temple (1/1) D:4
   Lair: D:8-11

Altars:
Ashenzari
Cheibriados
Dithmenos
Elyvilon
Fedhas
Gozag
Hepliaklqana
Kikubaaqudgha
Makhleb
Nemelex Xobeh
Okawaru
Qazlal
Ru
Trog
Uskayaw
Vehumet
Wu Jian
Xom
Yredelemnul
Zin
The Shining One

Shops:
D:4 [   D:6 [   D:7 [


Message History

Your enlightenment fades.
Found 4 stones.
Found a stone staircase leading up.
You open the door.
A hell hound and a fire bat come into view.
The hell hound barks!
A fire bat comes into view.
A fire elemental comes into view.
Found a thick glowing staff.
5978 |||
Found retreat position at 1,3 (floor) with 0 blocking monsters and 1 monsters attacking at destination at distance 3 x2
5978 ||| RETREEAATING. 2 fire bats and 2 lava snakes come into view.
The lava snake hisses angrily.
The fire bat bites you but does no damage.
There is an open door here.
You shoot a bolt. The lava snake hisses angrily.
The bolt pierces through the fire bat!
The fire bat is heavily wounded.
The bolt closely misses the fire bat.
The bolt closely misses the hell hound.
The bolt barely misses the lava snake.
The fire bat misses you. The fire bat barely misses you.
You shoot a bolt. The bolt barely misses the fire bat.
The bolt closely misses the fire bat.
The bolt misses the hell hound.
The bolt pierces through the lava snake!
The lava snake is almost dead.
The fire bat barely misses you. The hell hound breathes flames at you.
The blast of flame hits the fire bat.
The fire bat completely resists.
The blast of flame hits the fire bat.
The fire bat completely resists.
The blast of flame hits you!! The fire bat bites you.
You are engulfed in flames!
The fire bat barely misses you.
5981 ||| INVOKING Heroism.
You gain the combat prowess of a mighty hero.
The fire bat bites you.
You are engulfed in flames!
The fire bat bites you.
You are engulfed in flames!
The hell hound breathes flames at you.
The blast of flame hits the fire bat.
The fire bat completely resists.
The blast of flame hits the fire bat.
The fire bat completely resists.
The blast of flame hits you!
You die...

..............#
..<...........#
..............#
..............##
........(.......
...............#
#....#........
#...#####
##@.#...#
~....bb#.#.#.#
.~~~~bb#.#.#.#
.¤¤~~0E#...#<#
#..h0~.#######
##.0¤~. S|#¤.~.
0S##..~


You could see a fire elemental, a hell hound (catching breath), 4 fire bats and
2 lava snakes.

Vanquished Creatures
  2 water moccasins (D:7)
  2 sky beasts (D:7)
  3 black bears
  5 ice beasts
  3 ogres
  2 centaurs (D:7)
  A phantom (D:4)
  2 kobold brigands
  A scorpion (D:7)
  3 wights (D:6)
  A jelly (D:6)
  A howler monkey (D:6)
  A gnoll bouda (D:6)
  A hound (D:7)
  4 orc priests
  2 sleepcaps
  4 iguanas
  3 orc wizards
  5 hound skeletons (D:3)
  2 hound zombies (D:3)
  6 gnolls
  9 adders
  A shadow imp (D:6)
  2 white imps
  An ufetubus (D:4)
  3 adder zombies (D:3)
  An adder skeleton (D:3)
  2 worms (D:3)
  A dart slug (D:5)
  13 orcs
  7 ball pythons
  6 bats
  7 endoplasms
  3 giant cockroaches
  7 hobgoblins
  8 jackals
  4 quokkas
  3 frilled lizards
  6 goblins
  16 kobolds
  A quokka skeleton (D:3)
  6 rats
161 creatures vanquished.

Notes
Turn   | Place    | Note
-------+----------+-------------------------------------------
     0 | D:1      | qw the Gargoyle Hunter began the quest for the Orb.
     0 | D:1      | Reached XP level 1. HP: 12/12 MP: 1/1
     0 | D:1      | 0 ||| qw: Version: 0.3-a-83-gcd0e7d8
     0 | D:1      | 0 ||| qw: Game counter: 1413
     0 | D:1      | 0 ||| qw: Melee chars always use a shield: true
     0 | D:1      | 0 ||| qw: God list: Okawaru
     0 | D:1      | 0 ||| qw: Allow faded altars: false
     0 | D:1      | 0 ||| qw: Do Orc after clearing Dungeon:15 true
     0 | D:1      | 0 ||| qw: Do second Lair branch before Depths: true
     0 | D:1      | 0 ||| qw: Lair rune preference: random
     0 | D:1      | 0 ||| qw: Goals: Normal
     0 | D:1      | 0 ||| PLANNING D:1-11
   114 | D:1      | Reached XP level 2. HP: 17/17 MP: 2/2
   422 | D:1      | Reached XP level 3. HP: 21/21 MP: 3/3
   447 | D:1      | Reached skill level 5 in Ranged Weapons
   621 | D:1      | 621 ||| UPGRADING to +0 pair of gloves.
   626 | D:1      | 626 ||| READING scroll labelled XYDOLO YB KAM.
   627 | D:1      | 627 ||| READING 2 scrolls labelled GURHUL BUOSCHU.
   628 | D:1      | 628 ||| DRINKING 2 glowing dark potions.
   629 | D:1      | 629 ||| DROPPING scroll of butterflies.
   630 | D:1      | 630 ||| DROPPING scroll of immolation.
   885 | D:2      | Reached skill level 3 in Fighting
   885 | D:2      | Reached XP level 4. HP: 28/28 MP: 4/4
   923 | D:2      | Found a hide-covered altar of Uskayaw.
  1274 | D:2      | 1274 ||| UPGRADING to +0 pair of boots.
  1279 | D:2      | 1279 ||| READING scroll labelled RONLY JIZUGAKO.
  1362 | D:3      | 1362 ||| Stepping ~*~*~tactically~*~*~ (water).
  1369 | D:3      | Reached skill level 1 in Armour
  1415 | D:3      | Reached XP level 5. HP: 32/32 MP: 5/5
  1558 | D:3      | Reached skill level 6 in Ranged Weapons
  1563 | D:3      | 1563 ||| FLEEEEING.
  1564 | D:3      | 1564 ||| FLEEEEING.
  1565 | D:3      | 1565 ||| FLEEEEING.
  1566 | D:3      | 1566 ||| FLEEEEING.
  1575 | D:3      | 1575 ||| STAIRDANCE
  1580 | D:3      | 1580 ||| STAIRDANCE
  1629 | D:3      | Reached XP level 6. HP: 29/38 MP: 6/6
  2007 | D:3      | 2007 ||| READING scroll labelled VODENI DARHE.
  2008 | D:3      | 2008 ||| READING scroll labelled BEPSIN SIFE.
  2036 | D:4      | 2036 ||| STAIRDANCE
  2081 | D:4      | 2081 ||| STAIRDANCE
  2102 | D:4      | Identified the +11 trident of Mourning {speed, rElec Int+6}
  2140 | D:4      | 2140 ||| READING scroll of enchant weapon.
  2140 | D:4      | 2140 ||| ENCHANTING +1 shortbow.
  2144 | D:4      | Noticed a black bear
  2146 | D:4      | 2146 ||| RETREEAATING.
  2147 | D:4      | 2147 ||| STILL RETREEAATING.
  2148 | D:4      | 2148 ||| STILL RETREEAATING.
  2149 | D:4      | 2149 ||| STILL RETREEAATING.
  2150 | D:4      | 2150 ||| Stepping ~*~*~tactically~*~*~ (retreating).
  2151 | D:4      | 2151 ||| Stepping ~*~*~tactically~*~*~ (retreating).
  2152 | D:4      | 2152 ||| Stepping ~*~*~tactically~*~*~ (retreating).
  2153 | D:4      | 2153 ||| Stepping ~*~*~tactically~*~*~ (retreating).
  2154 | D:4      | 2154 ||| Stepping ~*~*~tactically~*~*~ (retreating).
  2156 | D:4      | 2156 ||| Stepping ~*~*~tactically~*~*~ (retreating).
  2166 | D:4      | Killed a black bear
  2167 | D:4      | Reached skill level 7 in Ranged Weapons
  2167 | D:4      | Reached XP level 7. HP: 21/43 MP: 7/7
  2291 | D:4      | Found a staircase to the Ecumenical Temple.
  2292 | D:4      | 2292 ||| PLANNING TEMPLE
  2303 | Temple   | Entered the Ecumenical Temple
  2304 | Temple   | 2304 ||| PLANNING OKAWARU WORSHIP
  2313 | Temple   | Became a worshipper of Warmaster Okawaru
  2314 | Temple   | 2314 ||| PLANNING D:1-11
  2365 | D:4      | 2365 ||| SWAPPING to +0 orcbow.
  2405 | D:4      | 2405 ||| DROPPING +2 shortbow.
  2440 | D:4      | Found a sacrificial altar of Ru.
  2601 | D:4      | Found Noac's Armour Boutique.
  2607 | D:4      | 2607 ||| BUYING +0 helmet (54 gold).
  2607 | D:4      | Bought a +0 helmet for 54 gold pieces
  2695 | D:4      | 2695 ||| UPGRADING to +0 ring mail.
  2705 | D:4      | 2705 ||| DROPPING +0 leather armour.
  2706 | D:4      | 2706 ||| UPGRADING to +0 helmet.
  2711 | D:4      | 2711 ||| READING scroll labelled ZAXTUWNA TEUD.
  2744 | D:4      | 2744 ||| READING scroll labelled HOOSOREQOL.
  2759 | D:5      | Entered Level 5 of the Dungeon
  3009 | D:5      | Reached skill level 8 in Ranged Weapons
  3020 | D:5      | HP: 10/43 [ice beast (12)]
  3021 | D:5      | 3021 ||| READING 3 scrolls of teleportation.
  3024 | D:5      | Reached XP level 8. HP: 13/49 MP: 8/8
  3711 | D:5      | Reached * piety under Okawaru
  3840 | D:5      | 3840 ||| INVOKING Heroism.
  3874 | D:5      | 3874 ||| READING scroll labelled UJAESHEYNEMM.
  3885 | D:5      | Reached skill level 9 in Ranged Weapons
  3885 | D:5      | Reached skill level 1 in Invocations
  4054 | D:6      | 4054 ||| INVOKING Heroism.
  4130 | D:6      | 4130 ||| INVOKING Heroism.
  4136 | D:6      | Reached skill level 3 in Armour
  4284 | D:6      | 4284 ||| INVOKING Heroism.
  4286 | D:6      | 4286 ||| Stepping ~*~*~tactically~*~*~ (retreating).
  4291 | D:6      | 4291 ||| Stepping ~*~*~tactically~*~*~ (retreating).
  4292 | D:6      | 4292 ||| Stepping ~*~*~tactically~*~*~ (retreating).
  4293 | D:6      | 4293 ||| Stepping ~*~*~tactically~*~*~ (retreating).
  4294 | D:6      | 4294 ||| Stepping ~*~*~tactically~*~*~ (retreating).
  4295 | D:6      | 4295 ||| Stepping ~*~*~tactically~*~*~ (retreating).
  4299 | D:6      | Reached skill level 6 in Fighting
  4307 | D:6      | 4307 ||| INVOKING Heroism.
  4317 | D:6      | Reached skill level 3 in Invocations
  4355 | D:6      | Reached XP level 9. HP: 52/55 MP: 11/11
  4366 | D:6      | Found Vuurufas's Armour Emporium.
  4381 | D:6      | 4381 ||| SHOPLISTING +2 pair of gloves of dexterity (322
                  | gold, have 179).
  4381 | D:6      | 4381 ||| SHOPLISTING +2 robe of willpower (265 gold, have
                  | 179).
  4466 | D:6      | 4466 ||| INVOKING Heroism.
  4484 | D:6      | You fall into a shaft and drop 1 floor!
  4520 | D:7      | 4520 ||| READING scroll of enchant weapon.
  4520 | D:7      | 4520 ||| ENCHANTING +0 orcbow.
  4579 | D:7      | Found a broken altar of Ashenzari.
  4668 | D:7      | Reached skill level 10 in Ranged Weapons
  4696 | D:7      | Found a blossoming altar of Fedhas.
  4971 | D:7      | 4971 ||| READING scroll labelled HOASKUCZI.
  4972 | D:7      | 4972 ||| DRINKING 2 inky potions.
  5007 | D:7      | 5007 ||| DROPPING potion of lignification.
  5208 | D:6      | 5208 ||| INVOKING Heroism.
  5291 | D:6      | 5291 ||| READING scroll labelled VAEW ALADOREV.
  5291 | D:6      | Identified a scroll of acquirement
  5291 | D:6      | 5291 ||| ACQUIRING +2 arbalest of Honour {penet, Fragile
                  | rN+ Str-2 Int+6}
  5291 | D:6      | Acquired the +2 arbalest of Honour {penet, Fragile rN+
                  | Str-2 Int+6}
  5293 | D:6      | 5293 ||| SWAPPING to +2 arbalest of Honour {penet, Fragile
                  | rN+ Str-2 Int+6}.
  5294 | D:6      | 5294 ||| DROPPING +1 orcbow.
  5341 | D:7      | 5341 ||| INVOKING Heroism.
  5474 | D:7      | 5474 ||| INVOKING Heroism.
  5620 | D:7      | Found Ninurta's Dragon-Slaying Spoils.
  5625 | D:7      | Reached skill level 11 in Ranged Weapons
  5628 | D:7      | 5628 ||| SHOPLISTING +0 swamp dragon scales (600 gold, have
                  | 286).
  5628 | D:7      | 5628 ||| SHOPLISTING +4 steam dragon scales "Damnable
                  | Contraption" {Dex+2} (854 gold, have 286).
  5628 | D:7      | 5628 ||| SHOPLISTING +9 acid dragon scales "Xosuc" {+Inv
                  | rCorr} (1188 gold, have 286).
  5628 | D:7      | 5628 ||| SHOPLISTING quicksilver dragon scales (720 gold,
                  | have 286).
  5928 | D:7      | 5928 ||| DRINKING 3 smoky clear potions.
  5978 | D:8      | 5978 ||| RETREEAATING.
  5981 | D:8      | 5981 ||| INVOKING Heroism.
  5981 | D:8      | HP: 14/57 [fire bat (9)]
  5981 | D:8      | HP: 2/57 [fire bat (7)]
  5981 | D:8      | Killed from afar by a hell hound

Levels and vault maps discovered:
D:1:      doesnt_arrival_eight_statues, layout_basic, serial_forest,
          infiniplex_forest_clump_long, infiniplex_forest_straight_4,
          infiniplex_forest_straight_3, infiniplex_forest_end_3,
          infiniplex_forest_end_1
D:2:      layout_loops_ring, basic_altar
D:3:      layout_basic, serial_undead, serial_undead_f, serial_undead_e,
          serial_undead_f, serial_undead_d, serial_undead_d, serial_undead_b,
          serial_undead_f
D:4:      layout_rooms, nicolae_ru_great_annihilating_truth,
          minmay_temple_entry_ruins, serial_shops, kennysheep_little_box
D:5:      minmay_chambers_of_fours, layout_loops_corners
D:6:      layout_basic, serial_shops, shop
D:7:      layout_basic, nicolae_ashenzari_panopticon, fedhas_ov_isle_minmay,
          nicolae_shop_dragon_depot, chequers_mini_garden
D:8:      layout_basic, erik_lair_orcish_takeover, roderic_roman_lattice,
          hangedman_incinerator
Temple:   mainiacjoe_temple_coin_purse

Skill      XL: |  1  2  3  4  5  6  7  8  9 |
---------------+----------------------------+-----
Ranged Weapons | 5 6 7 8 9 11 | 11.0
Fighting       | 3 4 5 6 7 |  7.0
Armour         | 1 2 3 |  3.1
Dodging        | 2 |  2.3
Invocations    | 3 4 |  4.0
Stealth        | |  1.1

Action                     |  1- 3 |  4- 6 |  7- 9 || total
---------------------------+-------+-------+-------++-------
   Fire: Shortbow          |    88 |   212 |    17 ||   317
         Orcbow            |       |       |   290 ||   290
         Arbalest          |       |       |    29 ||    29
 Invoke: Heroism           |       |       |    10 ||    10
    Use: Scroll            |     2 |     4 |     7 ||    13
         Potion            |     1 |       |     2 ||     3
 Armour: Leather armour    |    13 |   108 |    12 ||   133
         Ring mail         |       |       |   133 ||   133
  Dodge: Dodged            |    25 |    91 |   104 ||   220

Table legend:
 A = Non-vault XP
 B = Vault XP
 C = Vault XP percentage of total XP
 D = Non-vault monster count
 E = Vault monster count
 F = Vault count percentage of total count
                 A         B        C        D         E       F
            +---------+---------+-------+---------+---------+-------
      Total |    3503 |     523 |  13.0 |     139 |      22 |  13.7
            +---------+---------+-------+---------+---------+-------
        D:1 |      41 |       0 |   0.0 |      25 |       0 |   0.0
        D:2 |      85 |       0 |   0.0 |      20 |       0 |   0.0
        D:3 |     218 |     156 |  41.7 |      19 |      12 |  38.7
        D:4 |     313 |      41 |  11.6 |      16 |       4 |  20.0
        D:5 |     543 |     326 |  37.5 |      15 |       6 |  28.6
        D:6 |     983 |       0 |   0.0 |      25 |       0 |   0.0
        D:7 |    1320 |       0 |   0.0 |      19 |       0 |   0.0
            +---------+---------+-------+---------+---------+-------
